 Dungeon Crawl Stone Soup version 0.31-a0-965-g8a8ce12e04 (webtiles) character file.

Game seed: 14335835988747106435

81 night the Ruffian (level 4, 0/34 HPs)
             Began as a Gnoll Shapeshifter on Oct 26, 2023.
             Was a Believer of Kikubaaqudgha.
             Slain by an orc
             ... wielding a +0 hand axe
              (5 damage)
             ... on level 3 of the Dungeon.
             The game lasted 00:02:48 (1845 turns).

night the Ruffian (Gnoll Shapeshifter)              Turns: 1845, Time: 00:02:48

Health: 0/34       AC:  9    Str: 13    XL:     4   Next: 42%
Magic:  5/5        EV: 10    Int: 11    God:    Kikubaaqudgha [**....]
Gold:   196        SH:  0    Dex: 12    Spells: 5/5 levels left

rFire   . .          .
                       - Unarmed
rCold   . . .        (no shield)
rNeg    . . .        t - +3 scale mail
rPois   .            (helmet currently unavailable)
rElec   .            (cloak currently unavailable)
rCorr   .            (gloves currently unavailable)
SInv    .            (boots currently unavailable)
Will    .....        i - amulet of magic regeneration Stlth
                     (no ring)
HPRegen 0.25/turn    (no ring)
MPRegen 0.49/turn

%: no passive effects
@: mighty, beast-form
A: beast (slay +3), fangs 1, strong nose, distributed training
a: Begin Untransformation, Renounce Religion, Unearth Wretches


You were on level 3 of the Dungeon.
You worshipped Kikubaaqudgha.
Kikubaaqudgha was pleased with you.
You were a hulking beast.
You visited 1 branch of the dungeon, and saw 3 of its levels.

You collected 196 gold pieces.

Inventory:

Missiles
 g - 14 stones
 r - 5 curare-tipped darts
 v - 4 poisoned darts
Armour
 a - a +0 animal skin
 t - a +3 scale mail (worn)
Jewellery
 i - an amulet of magic regeneration (around neck)
Talismans
 c - a beast talisman
 d - a flux talisman
 s - a storm talisman
Scrolls
 e - a scroll of teleportation {unknown}
 f - a scroll of enchant weapon {unknown}
 h - 2 scrolls of identify {unknown}
 k - a scroll of fog {unknown}
 n - a scroll of enchant armour {unknown}
 o - a scroll of blinking {unknown}
 q - a scroll of immolation {unknown}
 u - a scroll of revelation {unknown}
Potions
 b - 2 potions of lignification
 l - 2 potions of attraction {unknown}
 m - a potion of curing {unknown}
 p - a potion of brilliance {unknown}


   Skills:
 + Level 2.7 Fighting
 + Level 1.1 Short Blades
 + Level 1.1 Long Blades
 + Level 1.1 Axes
 + Level 1.1 Maces & Flails
 + Level 1.1 Polearms
 + Level 1.1 Staves
 + Level 1.1 Ranged Weapons
 + Level 1.1 Throwing
 + Level 1.1 Armour
 + Level 4.6 Dodging
 + Level 1.1 Stealth
 + Level 1.1 Shields
 + Level 6.6 Unarmed Combat
 + Level 1.1 Spellcasting
 + Level 0.9 Conjurations
 + Level 0.9 Hexes
 + Level 0.9 Summonings
 + Level 0.9 Necromancy
 + Level 0.9 Translocations
 + Level 0.9 Transmutations
 + Level 0.9 Fire Magic
 + Level 0.9 Ice Magic
 + Level 0.9 Air Magic
 + Level 0.9 Earth Magic
 + Level 0.9 Poison Magic
 + Level 1.2 Invocations
 + Level 1.1 Evocations
 + Level 6.5 Shapeshifting


You had 5 spell levels left.
You didn't know any spells.
Your spell library contained the following spells:

 Spells                   Type           Power      Damage    Failure   Level
 Kiss of Death            Conj/Necr      8%         2d6       71%         1
 Necrotise                Necr           8%         1d4       71%         1
 Sublimation of Blood     Necr           2%         N/A       85%         2
 Animate Dead             Necr           2%         N/A       100%        4


Dungeon Overview and Level Annotations

Branches:
Dungeon (3/15)

Altars:
Ashenzari
Kikubaaqudgha
Uskayaw
Xom

Annotations:
D:3 1 runed translucent door


Innate Abilities, Weirdness & Mutations

You are a hulking beast.
Your limbs bulge with bestial killing power. (Slay +3)
You have very sharp teeth.
Your uncanny sense of smell can sniff out nearby items.
Your experience applies equally to all skills.


Message History

Deactivating autopickup; reactivate with Ctrl-A.
The orc shouts!
You hit the orc.
The orc is moderately wounded.
The orc throws a boomerang.
The boomerang hits you but does no damage.
The orc attacks as it pursues you! The orc closely misses you.
The orc throws a boomerang.
The boomerang completely misses you.
You see here 6 gold pieces.
A magic dart appears from out of thin air!
The magic dart hits you. The orc hits you with a +0 flail.
A magic dart appears from out of thin air!
The magic dart hits you but does no damage.
The orc barely misses you.
The orc throws a boomerang.
The boomerang hits you but does no damage.
The orc attacks as it pursues you! The orc barely misses you.
The orc attacks as it pursues you! The orc hits you with a +0 flail!
You punch the orc!
You kill the orc!
Kikubaaqudgha accepts your kill.
A puff of flame appears from out of thin air!
The puff of flame hits you!
The orc throws a boomerang.
The boomerang hits you but does no damage.
A magic dart appears from out of thin air!
The magic dart hits you.
* * * LOW HITPOINT WARNING * * *
Okay, then.
It was a potion of might.
You feel very mighty all of a sudden.
The orc throws a boomerang.
The boomerang hits you but does no damage.
You hear some strange, mumbled words.
A puff of flame appears from out of thin air!
The puff of flame hits you.
* * * LOW HITPOINT WARNING * * *
Things that are here:
a +0 flail; an orc corpse You hit something.
The orc hits you with a +0 hand axe.
You die...
Kikubaaqudgha rasps: "You have failed me!
Welcome... death!"

##$......###. #.##..
###..._.... .. #.##..
#.......##. .. #.##..
#.....#.## .. #.#...
#........# #.....
#....o#..# ###...
#...o.#..# ##..
#.##{o...# ##.
#.##h##.## ##
#.##.##.# # #.......#
# ####.####
########## #...#
#.......## #...######
#.##......
#........###.##.##.##
########...)....##.#
#####.......#


You could see 3 orcs.

Vanquished Creatures
  3 gnolls (D:2)
  A dart slug (D:2)
  An orc (D:3)
  6 endoplasms
  4 giant cockroaches
  4 goblins
  4 hobgoblins
  3 jackals (D:2)
  7 ball pythons
  A bat (D:1)
  2 frilled lizards
  6 kobolds
  4 rats
46 creatures vanquished.

Notes
Turn   | Place    | Note
-------+----------+-------------------------------------------
     0 | D:1      | night the Gnoll Shapeshifter began the quest for the Orb.
     0 | D:1      | Reached XP level 1. HP: 17/17 MP: 1/1
   123 | D:1      | Reached XP level 2. HP: 23/23 MP: 2/2
   708 | D:1      | Found a faded altar of an unknown god.
   714 | D:1      | Prayed at the altar of an unknown god.
   714 | D:1      | Became a worshipper of Kikubaaqudgha
   714 | D:1      | Reached * piety under Kikubaaqudgha
   714 | D:1      | Received a gift from Kikubaaqudgha
   854 | D:2      | Reached XP level 3. HP: 23/28 MP: 3/3
   951 | D:2      | Reached skill level 1 in Invocations
   954 | D:2      | Reached skill level 1 in Short Blades
   954 | D:2      | Reached skill level 1 in Long Blades
   954 | D:2      | Reached skill level 1 in Axes
   954 | D:2      | Reached skill level 1 in Maces & Flails
   954 | D:2      | Reached skill level 1 in Polearms
   954 | D:2      | Reached skill level 1 in Staves
   954 | D:2      | Reached skill level 1 in Ranged Weapons
   954 | D:2      | Reached skill level 1 in Throwing
   954 | D:2      | Reached skill level 1 in Armour
   954 | D:2      | Reached skill level 1 in Stealth
   954 | D:2      | Reached skill level 1 in Shields
   954 | D:2      | Reached skill level 1 in Spellcasting
   954 | D:2      | Reached skill level 1 in Evocations
  1044 | D:2      | Reached XP level 4. HP: 15/34 MP: 5/5
  1717 | D:3      | Found a runed translucent gate.
  1721 | D:3      | Reached ** piety under Kikubaaqudgha
  1729 | D:3      | Found a hide-covered altar of Uskayaw.
  1733 | D:3      | Found a broken altar of Ashenzari.
  1822 | D:3      | Found a shimmering altar of Xom.
  1844 | D:3      | HP: 5/34 [something/puff of flame (5)]
  1845 | D:3      | Slain by an orc

Illustrated notes

Levels and vault maps discovered:
D:1:      dpeg_arrival_stonehenge_8_columns, layout_basic,
          dreamdust_ecumenical_altar_angels_and_demons
D:2:      layout_basic
D:3:      layout_loops_cross, mainiacjoe_overflow_small_starburst,
          grunt_temple_overflow_open, ebering_ghost_rock_garden, serial_shops,
          nicolae_shop_bloodbath_and_beyond

Skill      XL: |  1  2  3 |
---------------+----------+-----
Invocations    | 1 |  1.2
Short Blades   | 1 |  1.1
Long Blades    | 1 |  1.1
Axes           | 1 |  1.1
Maces & Flails | 1 |  1.1
Polearms       | 1 |  1.1
Staves         | 1 |  1.1
Ranged Weapons | 1 |  1.1
Throwing       | 1 |  1.1
Armour         | 1 |  1.1
Stealth        | 1 |  1.1
Shields        | 1 |  1.1
Spellcasting   | 1 |  1.1
Evocations     | 1 |  1.1
Fighting       | |  2.7
Dodging        | |  4.6
Unarmed Combat | |  6.6
Conjurations   | |  0.9
Hexes          | |  0.9
Summonings     | |  0.9
Necromancy     | |  0.9
Translocations | |  0.9
Transmutations | |  0.9
Fire Magic     | |  0.9
Ice Magic      | |  0.9
Air Magic      | |  0.9
Earth Magic    | |  0.9
Poison Magic   | |  0.9
Shapeshifting  | |  6.5

Action                     |  1- 3 |  4- 6 || total
---------------------------+-------+-------++-------
  Melee: Unarmed           |    61 |    30 ||    91
         Bite              |     4 |       ||     4
         Punch             |     2 |       ||     2
    Use: Potion            |       |     1 ||     1
   Stab: Sleeping          |     3 |       ||     3
 Armour: Animal skin       |    29 |     8 ||    37
         Scale mail        |       |    21 ||    21
  Dodge: Dodged            |    21 |    16 ||    37

Table legend: (Time is in decaauts)
 A = Elapsed time spent in this place.
 B = Non-inter-level travel time spent in this place.
 C = Inter-level travel time spent in this place.
 D = Time resting spent in this place.
 E = Time spent auto-exploring this place.
 F = Levels seen in this place.
 G = Mean time per level.
                   A        B        C        D        E       F      G
               +--------+--------+--------+--------+--------+-----+--------+
         Total |   1833 |   1763 |     70 |      0 |   1461 |   3 |  611.0 |
       Dungeon |   1833 |   1763 |     70 |      0 |   1461 |   3 |  611.0 |
               +--------+--------+--------+--------+--------+-----+--------+

Top non-repeatable levels by time:
     D:2: 782 daAuts
     D:1: 762 daAuts
     D:3: 288 daAuts
